 Dungeon Crawl Stone Soup version 0.26.1-2-gb8aa6d0cf2 (webtiles) character file.

Game seed: 8720659147777631182

0 windgrace the Thaumaturge (level 1, 0/13 HPs)
             Began as a Gnoll Wanderer on Feb 8, 2021.
             Slain by a giant cockroach (2 damage)
             ... on level 1 of the Dungeon.
             The game lasted 00:01:59 (32 turns).

windgrace the Thaumaturge (Gnoll Wanderer)            Turns: 32, Time: 00:02:00

Health: 0/13       AC:  2    Str: 15    XL:     1   Next: 10%
Magic:  9/12       EV: 11    Int: 13    God:
Gold:   12         SH:  0    Dex: 14    Spells: 20/22 levels left

rFire    . . .     SeeInvis .   a - +0 dagger
rCold    . . .     Faith    .   (no shield)
rNeg     . . .     Spirit   .   e - +0 robe
rPois    .         Reflect  .   (no helmet)
rElec    .         Harm     .   (no cloak)
rCorr    .         Rampage  .   (no gloves)
Will     .....                  (no boots)
Stlth    ++........             (no amulet)
HPRegen  0.04/turn              (no ring)
MPRegen  0.13/turn              (no ring)

@: very slightly contaminated
A: distributed training, fangs 1, strong nose
a: no special abilities


You were on level 1 of the Dungeon.
You visited 1 branch of the dungeon, and saw 1 of its levels.

You collected 12 gold pieces.

Inventory:

Hand Weapons
 a - a +0 dagger (weapon)
Missiles
 c - 12 poisoned darts (quivered)
Armour
 e - a +0 robe (worn)


   Skills:
 + Level 0.0 Fighting
 + Level 0.0 Short Blades
 + Level 0.0 Long Blades
 + Level 0.0 Axes
 + Level 0.0 Maces & Flails
 + Level 0.0 Polearms
 + Level 0.0 Staves
 + Level 0.0 Slings
 + Level 0.0 Bows
 + Level 0.0 Crossbows
 + Level 2.3 Throwing
 + Level 0.0 Armour
 + Level 0.0 Dodging
 + Level 2.1 Stealth
 + Level 0.0 Shields
 + Level 0.0 Unarmed Combat
 + Level 11.1 Spellcasting
 + Level 0.0 Conjurations
 + Level 1.9 Hexes
 + Level 0.0 Summonings
 + Level 0.0 Necromancy
 + Level 0.0 Translocations
 + Level 0.0 Transmutations
 + Level 0.0 Fire Magic
 + Level 0.0 Ice Magic
 + Level 1.9 Air Magic
 + Level 0.0 Earth Magic
 + Level 1.9 Poison Magic
 + Level 0.0 Invocations
 + Level 0.0 Evocations


You had 20 spell levels left.
You knew the following spells:

 Your Spells              Type           Power        Failure   Level
a - Magic Dart            Conj           28%          10%         1
b - Foxfire               Conj/Fire      28%          10%         1

Your spell library contained the following spells:

 Spells                   Type           Power        Failure   Level
 Slow                     Hex            12%          7%          2
 Blink                    Tloc           N/A          16%         2
 Call Imp                 Summ           7%           16%         2
 Mephitic Cloud           Conj/Pois/Air  10%          19%         3
 Conjure Flame            Conj/Fire      7%           30%         3


Dungeon Overview and Level Annotations

Branches:
Dungeon (1/15)

Altars:


Innate Abilities, Weirdness & Mutations

Your experience applies equally to all skills.
You have very sharp teeth.
Your uncanny sense of smell can sniff out nearby items.


Message History

You conjure some foxfire!
The bat hits you but does no damage. The ball python misses you.
The ball python grabs you. The ball python constricts you.
The foxfire hits the bat.
You kill the bat!
The ball python barely misses you. The ball python constricts you.
You escape the ball python's grasp.
Your foxfire dissipates!
Casting: Foxfire (safe; 10% risk of failure)
Confirm with . or Enter, or press ? or * to list all spells.
You miscast Foxfire.
Nothing appears to happen.
The giant cockroach closely misses you.
Casting: Foxfire (safe; 10% risk of failure)
Confirm with . or Enter, or press ? or * to list all spells.
You conjure some foxfire!
The giant cockroach bites you.
Your foxfire dissipates!
The giant cockroach bites you.
* * * LOW HITPOINT WARNING * * *
You see here 25 stones.
The giant cockroach bites you.
You die...

#................
#.# #.##
#######.#######..#
...........K...>.#
######K#######†.#
#S#≈≈≈≈≈...# ∆
#(≈≈≈≈≈....#
#B≈≈≈≈≈....#
#@≈≈≈≈≈....#
#.≈≈≈.≈.<..#
#.≈≈≈......#
#.≈≈≈......#
#.≈≈≈......#
#.#≈≈≈≈.≈≈##
#.#≈≈≈≈≈≈≈#
#.#########


You could see a giant cockroach, a ball python and a kobold.

Vanquished Creatures
  A bat (D:1)
1 creature vanquished.

Notes
Turn   | Place    | Note
-------+----------+-------------------------------------------
     0 | D:1      | Reached skill level 11 in Spellcasting
     0 | D:1      | windgrace the Gnoll Wanderer began the quest for the Orb.
     0 | D:1      | windgrace set off with the following items: a +0 dagger, 12
                  | poisoned darts, a +0 robe; and the following spells
                  | available to memorise: Slow, Foxfire, Magic Dart, Blink,
                  | Call Imp, Mephitic Cloud, Conjure Flame
     0 | D:1      | Reached XP level 1. HP: 13/13 MP: 12/12
     2 | D:1      | Learned a level 1 spell: Magic Dart
     4 | D:1      | Learned a level 1 spell: Foxfire
    32 | D:1      | Slain by a giant cockroach

Illustrated notes

Levels and vault maps discovered:
D:1:      dpeg_arrival_pond, layout_basic, cheibriados_altar_1

Skill      XL: | |
---------------+-+-----
Spellcasting   | | 11.1
Throwing       | |  2.3
Stealth        | |  2.1
Hexes          | |  1.9
Air Magic      | |  1.9
Poison Magic   | |  1.9

Action                   || total
-------------------------++-------
Melee: Dagger            ||     3
 Cast: Foxfire           ||     2
Armor: Robe              ||     5
Dodge: Dodged            ||     6
